 Dungeon Crawl Stone Soup version 0.28.0-45-g0d030f2227 (webtiles) character file.

Game seed: 10815885670388480722

32 Zeld the Magician (level 3, -1/27 HPs)
             Began as a Djinni Conjurer on Apr 20, 2022.
             Slain by a ball python (2 damage)
             ... on level 2 of the Dungeon.
             The game lasted 00:02:08 (2164 turns).

Zeld the Magician (Djinni Conjurer)                 Turns: 2164, Time: 00:02:09

Health: -1/27      AC:  2    Str:  6    XL:     3   Next: 45%
Gold:   17         EV:  9    Int: 21    God:
                   SH:  0    Dex: 11

rFire   + + .      SeeInvis .   (no weapon)
rCold   x . .      Faith    .   (no shield)
rNeg    . . .      Spirit   .   a - +0 robe
rPois   ∞          Reflect  .   (no helmet)
rElec   .          Harm     .   (no cloak)
rCorr   .          Rampage  .   (no gloves)
Will    .....                   (boots unavailable)
Stlth   ++........              (no amulet)
HPRegen 0.09/turn               (no ring)
MPRegen 0.00/turn               (no ring)

@: flying, constricted
A: sickness immunity, fire resistance 2, cold vulnerability 1, float, innate
caster, HP casting, extra vitality 1
a: no special abilities


You were on level 2 of the Dungeon.
You visited 1 branch of the dungeon, and saw 2 of its levels.

You collected 17 gold pieces.

Inventory:

Armour
 a - a +0 robe (worn)
Jewellery
 c - a +6 ring of dexterity
Scrolls
 b - a scroll of silence {unknown}
 d - a scroll of identify {unknown}
 e - a scroll of fear {unknown}


   Skills:
 * Level 1.4 Fighting
 + Level 2.5 Dodging
 + Level 1.8 Stealth
 * Level 3.5 Spellcasting


You couldn't memorise any spells.
You knew the following spells:

 Your Spells              Type           Power      Damage    Failure   Level
a - Magic Dart            Conj           72%        1d6       3%          1
b - Searing Ray           Conj           36%        2d5       4%          2
c - Dazzling Flash        Conj/Hex       36%        N/A       9%          3
d - Fulminant Prism       Conj/Hex       9%         3d7       28%         4
e - Iskenderun's Mystic   Conj/Tloc      18%        2d6       28%         4
f - Sting                 Tmut/Pois      72%        1d6       3%          1
Your spell library was empty.

Dungeon Overview and Level Annotations

Branches:
Dungeon (2/15)

Altars:

Annotations:
D:2 Sigmund


Innate Abilities, Weirdness & Mutations

You are immune to sickness and miasma.
You are immune to poison.
Your flesh is very heat resistant. (rF++)
You are vulnerable to cold. (rC-)
You float through the air rather than walking.
You learn spells naturally, not from books.
Your magical power is your life essence.
You have superior vitality. (+4 MHP)


Message History

You escape the ball python's grasp.
Sigmund says, "You will soon forget everything."
The ball python closely misses you. The ball python barely misses you.
Sigmund casts a spell.
Sigmund flickers and vanishes!
Deactivating autopickup; reactivate with Ctrl-A.
The ball python closely misses you. The ball python grabs you.
The ball python constricts you.
* * * LOW HITPOINT WARNING * * *
You escape the ball python's grasp.
The goblin shouts!
A quokka comes into view.
The ball python bites you.
* * * LOW HITPOINT WARNING * * *
The ball python barely misses you. The goblin barely misses you.
The giant cockroach barely misses you. 2 hobgoblins and 2 goblins come into view.
Found an escape hatch in the floor.
The hobgoblin shouts!
The goblin shouts!
The hobgoblin shouts!
You hear a shout!
The giant cockroach bites you.
* * * LOW HITPOINT WARNING * * *
A goblin comes into view. It is wielding a +0 dagger.
A goblin comes into view. It is wielding a +0 club.
The goblin shouts!
You hear a shout!
There is a stone staircase leading down here.
The goblin shouts!
You hear a shout! x2
The ball python bites you.
* * * LOW HITPOINT WARNING * * *
The ball python grabs you.
You stop descending the stairs.
The ball python constricts you.
* * * LOW HITPOINT WARNING * * *
The giant cockroach bites you.
* * * LOW HITPOINT WARNING * * *
The goblin barely misses you.
A goblin comes into view. It is wielding a +0 dagger.
Unknown command.
The ball python's grasp on you weakens, but your attempt to escape fails.
The ball python bites you.
You die...

...............#.#.#
.................#.#
.##....##........#.#
#.##..##.#.........#
.#.####.#.#......###
#.#. ..#.##......#
....##.#....S# g
........#.#..Bg###.gg>
....^....##..S@..ggr..
...........#......gg..
...................##
'######.#........#
............#
.####.......##
#.......# #.......#


You could see a quokka, a giant cockroach, 2 hobgoblins, 6 goblins and 2 ball
pythons.

Vanquished Creatures
  An adder (D:2)
  An endoplasm (D:1)
  3 giant cockroaches
  A goblin (D:1)
  2 hobgoblins (D:1)
  4 jackals (D:1)
  2 kobolds (D:1)
  A ball python (D:1)
  2 bats (D:1)
  5 rats (D:1)
22 creatures vanquished.

Notes
Turn   | Place    | Note
-------+----------+-------------------------------------------
     0 | D:1      | Zeld the Djinni Conjurer began the quest for the Orb.
     0 | D:1      | Reached XP level 1. HP: 15/15 MP: 0/0
   241 | D:1      | Reached XP level 2. HP: 14/22 MP: 0/0
   395 | D:1      | Reached skill level 1 in Fighting
  1047 | D:1      | Reached XP level 3. HP: 24/27 MP: 0/0
  1047 | D:1      | Learned a level 1 spell: Sting
  1127 | D:2      | Noticed Sigmund
  2163 | D:2      | HP: 1/27 [giant cockroach (1)]
  2164 | D:2      | Slain by a ball python

Illustrated notes

Levels and vault maps discovered:
D:1:      saegor_arrival_simple_e, layout_basic, minmay_misc_feat_cross
D:2:      layout_basic, shapermc_ecumenical_altar_starsandcircs,
          minmay_misc_feat_secret_circle, uniq_robin, uniq_sigmund

Skill      XL: |  1  2 |
---------------+-------+-----
Fighting       | 1 |  1.4
Dodging        | |  2.5
Stealth        | |  1.8
Spellcasting   | |  3.5

Action                   || total
-------------------------++-------
 Cast: Magic Dart        ||    51
       Searing Ray       ||     3
Armor: Robe              ||     6
Dodge: Dodged            ||    41
